 Dungeon Crawl Stone Soup version 0.20.1-1-g8b1a95d (webtiles) character file.

147 Internecine the Gusty (level 5, -3/40 HPs)
             Began as a Draconian Air Elementalist on Oct 5, 2017.
             Slain by Grinder (4 damage)
             ... while paralysed by Grinder
             ... on level 4 of the Dungeon.
             The game lasted 00:32:03 (2953 turns).

Internecine the Gusty (Draconian Air Elementalist)  Turns: 2953, Time: 00:32:04

Health: -3/40      AC:  6    Str: 10    XL:     5   Next: 7%
Magic:  9/9        EV:  2    Int: 16    God:
Gold:   88         SH:  0    Dex: 12    Spells: 4/10 levels left

rFire    + . .     SeeInvis .   j - +3 whip (freeze)
rCold    + . .     Gourm    .   (no shield)
rNeg     . . .     Faith    .   (armour unavailable)
rPois    +         Spirit   .   (helmet restricted)
rElec    +         Reflect  .   (no cloak)
rCorr    +         Harm     .   o - +0 pair of gloves
MR       .....                  (no boots)
Stlth    ++........             (no amulet)
Regen    0.2/turn               (no ring)
MPRegen  0.2/turn               (no ring)

@: paralysed, resistant
A: unfitting armour, cold-blooded, AC +5
a: no special abilities


You were on level 4 of the Dungeon.
You were not hungry.

You visited 1 branch of the dungeon, and saw 4 of its levels.

You collected 88 gold pieces.

Inventory:

Hand Weapons
 e - a +0 blowgun
 i - a +0 hunting sling
 j - a +3 whip of freezing (weapon)
 z - a +0 short sword
 G - a +0 shortbow
Missiles
 c - 105 bolts
 l - 49 arrows
 v - 39 poisoned needles
 A - 31 stones (quivered)
 C - 21 sling bullets
Armour
 o - a +0 pair of gloves (worn)
Scrolls
 d - a scroll of magic mapping {unknown}
 f - a scroll of fear {unknown}
 n - a scroll of recharging {unknown}
 q - 2 scrolls of immolation
 u - a scroll of enchant weapon {unknown}
 w - a scroll of identify
 y - 2 scrolls of remove curse
 E - a scroll of teleportation {unknown}
Potions
 g - 2 potions of brilliance
 m - a potion of curing
 t - a potion of mutation {unknown}
 B - a potion of berserk rage {unknown}
Books
 a - a book of Air

   Spells                             Type                      Level
   a - Shock                          Conjuration/Air              1
   b - Swiftness                      Charms/Air                   2
   c - Static Discharge               Conjuration/Air              3
   d - Airstrike                      Air                          4
   e - Lightning Bolt                 Conjuration/Air              5
 D - a book of Cantrips

   Spells                             Type                      Level
   a - Confusing Touch                Hexes                        1
   b - Animate Skeleton               Necromancy                   1
   c - Summon Small Mammal            Summoning                    1
   d - Apportation                    Translocation                1
 F - a book of Changes

   Spells                             Type                      Level
   a - Beastly Appendage              Transmutation                1
   b - Sticks to Snakes               Transmutation                2
   c - Spider Form                    Transmutation/Poison         3
   d - Ice Form                       Ice/Transmutation            4
   e - Blade Hands                    Transmutation                5
Comestibles
 b - 2 bread rations
 h - a royal jelly
 k - 2 meat rations
 p - 2 fruits


   Skills:
 * Level 1.2 Fighting
 + Level 0.4 Maces & Flails
 + Level 2.1 Dodging
 + Level 2.1 Stealth
 + Level 0.4 Unarmed Combat
 + Level 3.0 Spellcasting
 + Level 2.2 Conjurations
 + Level 3.8 Air Magic


You had 4 spell levels left.
You knew the following spells:

 Your Spells              Type           Power        Failure   Level  Hunger
a - Shock                 Conj/Air       ##..         5%          1    #......
b - Swiftness             Chrm/Air       #.......     13%         2    ##.....
c - Confusing Touch       Hex            #.....       19%         1    #......
d - Apportation           Tloc           #.....       19%         1    #......
e - Beastly Appendage     Tmut           #.....       19%         1    #......


Dungeon Overview and Level Annotations

Branches:
Dungeon (4/15)
 Temple: D:4-7

Altars:

Annotations:
D:4 Grinder


Innate Abilities, Weirdness & Mutations

Your plain brown scales are hard. (AC +5)
You cannot fit into any form of body armour.
You are cold-blooded and may be slowed by cold attacks.


Message History

You destroy the bullfrog skeleton!
Your Conjurations skill increases to level 2!
You have reached level 5!
You whack Grinder!
Grinder is moderately wounded.
Grinder barely misses you.
You hit Grinder.
Grinder is moderately wounded.
Grinder hits you!
* * * LOW HITPOINT WARNING * * *
You writhe in agony.
* * * LOW HITPOINT WARNING * * *
It was a potion of resistance.
You feel protected. Grinder gestures at you.
You suddenly lose the ability to move!
Grinder hits you!
* * * LOW HITPOINT WARNING * * *
You writhe in agony.
You die...

##.....#..
........ #
#.....#
#.#.....
#.<...###.#
#......#
#.####.# ##
#. #5# ... #.
#@# #.##. #.#
#.#.##.#
##.##
#.#.#.#......
#..<...#
##..####
##...#
##.#..#
#.....#


You could see Grinder.

Vanquished Creatures
  A bullfrog skeleton (D:4)
  A hound skeleton (D:3)
  3 adders
  2 oozes (D:1)
  A worm (D:2)
  2 dart slugs (D:3)
  3 leopard geckos
  5 orcs (D:3)
  6 giant cockroaches
  3 goblins
  10 hobgoblins
  A quokka (D:2)
  6 bats
  6 frilled lizards
  4 kobolds
  4 rats
58 creatures vanquished.

Notes
Turn   | Place    | Note
-------+----------+-------------------------------------------
     0 | D:1      | Internecine the Draconian Air Elementalist began the quest for the Orb.
     0 | D:1      | Reached XP level 1. HP: 14/14 MP: 3/3
   472 | D:1      | Reached XP level 2. HP: 20/20 MP: 3/5
  1236 | D:1      | Reached XP level 3. HP: 19/26 MP: 0/6
  2247 | D:3      | Reached XP level 4. HP: 34/34 MP: 0/8
  2429 | D:3      | Reached skill level 1 in Fighting
  2637 | D:3      | Learned a level 2 spell: Swiftness
  2639 | D:3      | Learned a level 1 spell: Confusing Touch
  2641 | D:3      | Learned a level 1 spell: Apportation
  2901 | D:4      | Learned a level 1 spell: Beastly Appendage
  2924 | D:4      | Noticed Grinder
  2931 | D:4      | Paralysed by Grinder for 5 turns
  2949 | D:4      | Reached XP level 5. HP: 18/40 MP: 9/9
  2952 | D:4      | Paralysed by Grinder for 5 turns
  2953 | D:4      | HP: 1/40 [Grinder (7)]
  2953 | D:4      | Slain by Grinder

Skill      XL: |  1  2  3  4 |
---------------+-------------+-----
Stealth        | 2 |  2.1
Dodging        | 2 |  2.1
Fighting       | 1 |  1.2
Spellcasting   | 3 |  3.0
Conjurations   | 2 |  2.2
Maces & Flails | |  0.4
Unarmed Combat | |  0.4
Air Magic      | |  3.8

Action                   |  1- 3 |  4- 6 || total
-------------------------+-------+-------++-------
Melee: Unarmed           |    31 |       ||    31
       Tailslap          |     7 |     1 ||     8
       Club              |    35 |       ||    35
       Mace              |     6 |       ||     6
       Short sword       |     4 |    12 ||    16
       Whip              |       |    13 ||    13
 Fire: Hunting sling     |     4 |       ||     4
 Cast: Shock             |    78 |    35 ||   113
  Use: Scroll            |     4 |       ||     4
       Potion            |       |     3 ||     3
  Eat: Chunk             |     5 |     3 ||     8
Armor: Skin              |    40 |    11 ||    51
Dodge: Dodged            |    67 |    26 ||    93
